AoeStats
← TAZmania

Arabia

511073183Analyzed
1v1 RM · 5h ago on Oct 3, 2026· 77m 12s· 2 players
Game mode
Random Map
Map size
Tiny (2 player)
Population
200
Speed
Normal
Resources
Standard
Victory
Conquest
Starting age
Dark Age
Ending age
Imperial Age
RankedLock teamsTeams togetherTeam positionsShared explorationLock speedFull tech treeHidden civsTurbo modeCheats
Victory
Defeat
🇨🇴 Khmer · Colombia
724
+18
🇨🇴 Byzantines · Colombia
757
-18
juancamilogarciah
13:09 Feudal Age
13:36 Double-Bit Axe
13:45 Gold Mining
13:38 Horse Collar
13:48 Man-at-Arms
16:35 Forging
22:18 Castle Age
20:54 Padded Archer Armor
20:44 Fletching
21:56 Scale Barding Armor
21:52 Scale Mail Armor
24:03 Iron Casting
23:05 Crossbowman
24:03 Bodkin Arrow
25:43 Leather Archer Armor
26:36 Wheelbarrow
27:19 Ballistics
28:25 Stone Mining
29:11 Gold Shaft Mining
29:19 Gold Shaft Mining
29:03 Bow Saw
29:37 Elite Skirmisher
30:43 Hand Cart
31:01 Elite Skirmisher
37:17 Imperial Age
36:55 Husbandry
37:18 Chain Barding Armor
37:14 Chain Mail Armor
39:11 Blast Furnace
38:14 Bracer
39:09 Conscription
39:56 Chemistry
39:55 Heavy Plow
42:20 Ring Archer Armor
42:05 Chain Mail Armor
42:25 Plate Barding Armor
42:41 Arbalester
43:46 Double Crossbow
44:01 Tusk Swords
44:01 Elite Battle Elephant
45:37 Pikeman
46:03 Arson
46:09 Halberdier
48:17 Elite Ballista Elephant
52:02 Heavy Scorpion
TAZmania
11:06 Feudal Age
12:31 Wheelbarrow
11:37 Horse Collar
11:45 Double-Bit Axe
12:40 Loom
13:02 Gold Mining
23:02 Castle Age
21:04 Fletching
21:56 Stone Mining
23:55 Bow Saw
23:47 Heavy Plow
24:25 Gold Shaft Mining
23:45 Pikeman
24:39 Forging
24:49 Padded Archer Armor
25:01 Elite Skirmisher
26:14 Bodkin Arrow
25:46 Crossbowman
29:59 Hand Cart
34:37 Imperial Age
33:58 Leather Archer Armor
35:01 Gambesons
37:11 Bracer
37:41 Ring Archer Armor
37:35 Ballistics
39:59 Iron Casting
39:25 Scale Mail Armor
39:28 Squires
40:47 Chemistry
40:41 Thumb Ring
42:09 Two-Man Saw
41:42 Crop Rotation
42:37 Sanctity
42:42 Illumination
42:37 Block Printing
43:24 Conscription
42:33 Halberdier
42:59 Arson
44:51 Theocracy
46:46 Chain Mail Armor
52:53 Plate Mail Armor
52:28 Scale Barding Armor
64:05 Onager
67:25 Light Cavalry
68:06 Husbandry
70:47 Hussar
Connection lost

Rejoining the realm…

Still unreachable

The connection could not be restored.

Session expired

The server has moved on; the page needs a fresh start.